[Event "Titled Tuesday Blitz March 28 Late 2023"]
[White "Mazurkiewicz, Michal"]
[Black "Khumalo, Keith"]
[WhiteFideId "1124943"]
[BlackFideId "14319470"]
[WhiteElo "2054"]
[BlackElo "2056"]
[Result "0-1"]
[Round "06"]
[TimeControl "180+2"]
[Date "2023.03.28"]
[WhiteClock "0:00:04"]
[BlackClock "0:01:37"]

1. e4 c5 2. Nf3 d6 3. g3 Nf6 4. d3 e5 5. Bg2 Nc6 6. O-O Be7 7. Nc3 h6 8. Nd2 Be6 9. Nc4 d5 10. exd5 Nxd5 11. Re1 Nxc3 12. bxc3 Bxc4 13. dxc4 Qxd1 14. Rxd1 Na5 15. Rb1 Rb8 16. f4 f6 17. fxe5 fxe5 18. Bd5 b6 19. Be3 Rd8 20. Rf1 Rf8 21. Rxf8+ Kxf8 22. Rf1+ Bf6 23. h4 Ke7 24. Kg2 Rxd5 25. cxd5 Kd6 26. Rd1 e4 27. Bf4+ Kd7 28. Re1 g5 29. hxg5 hxg5 30. Bc1 Kd6 31. Rxe4 Kxd5 32. Rg4 Nc4 33. Bxg5 Ne5 34. c4+ Ke6 35. Bxf6 Nxg4 36. Bg5 Ne5 37. Bf4 Nxc4 38. Bb8 a6 39. Kf3 b5 40. Ba7 Ne5+ 41. Ke4 c4 42. g4 Nxg4 43. Kd4 Kd6 44. Bb8+ Kc6 45. Bf4 Nf6 46. c3 Nd5 47. Bd2 a5 48. Be1 a4 49. a3 Nf4 50. Bd2 Nd3 51. Ke4 Kc5 52. Be3+ Kd6 53. Bd2 Kc6 54. Kd4 Nc5 55. Be3 Nb3+ 56. Ke4 Kd6 57. Bf4+ Ke6 58. Be3 Kd6 59. Bf4+ Kc6 60. Be3 b4 61. cxb4 Kb5 62. Kd5 c3 63. Ke4 c2 64. Kd3 c1=Q 65. Bxc1 Nxc1+ 66. Kc2 Ne2 67. Kd3 Nf4+ 68. Ke4 Ne6 69. Kd5 Nf4+ 70. Ke4 Ne2 71. Kd3 Ng3 72. Kc3 Nf5 73. Kd3 Nd6 74. Kc3 Nc4 75. Kc2 Nxa3+ 76. Kc3 Nc4 77. Kc2 Kxb4 0-1


[Site "https://www.chess.com"]

[Event "Titled Tuesday Blitz March 28 Late 2023"]
[White "Sai Krishna G V"]
[Black "Minko, Dmitry"]
[WhiteFideId "5028280"]
[BlackFideId "24188468"]
[WhiteElo "2359"]
[BlackElo "2147"]
[Result "1-0"]
[Round "06"]
[TimeControl "180+2"]
[Date "2023.03.28"]
[WhiteClock "0:01:10"]
[BlackClock "0:00:15"]

1. d4 d5 2. Nf3 Nf6 3. Bf4 e6 4. e3 c5 5. c3 Nc6 6. Bd3 Nh5 7. Bg3 Nxg3 8. hxg3 h6 9. Nbd2 c4 10. Bc2 b5 11. e4 b4 12. Qe2 Be7 13. Ba4 Bd7 14. exd5 exd5 15. Rh5 bxc3 16. bxc3 Qa5 17. Bxc6 Bxc6 18. Re5 Qc7 19. Kf1 f6 20. Re6 Kf7 21. Re1 Rhe8 22. Nh4 Bd6 23. Qh5+ g6 1-0


[Site "https://www.chess.com"]

[Event "Titled Tuesday Blitz March 28 Late 2023"]
[White "Ozdemir, Serhan Berat"]
[Black "Goroshkov, Maksym"]
[WhiteFideId "6374611"]
[BlackFideId "14142716"]
[WhiteElo "2015"]
[BlackElo "2322"]
[Result "0-1"]
[Round "06"]
[TimeControl "180+2"]
[Date "2023.03.28"]
[WhiteClock "0:00:02"]
[BlackClock "0:00:46"]

1. e4 c5 2. Nf3 d6 3. d4 cxd4 4. Nxd4 Nf6 5. Nc3 g6 6. Be3 Bg7 7. f3 O-O 8. Qd2 Nc6 9. Bc4 a6 10. O-O-O Qc7 11. Bb3 Nxd4 12. Bxd4 Be6 13. Nd5 Bxd5 14. exd5 b5 15. h4 a5 16. a3 h5 17. g4 Rfb8 18. Kb1 a4 19. Ba2 b4 20. axb4 a3 21. b3 Rb5 22. c4 Rb7 23. Rhg1 hxg4 24. fxg4 Rab8 25. b5 Ne4 26. Qe3 Bxd4 27. Qxd4 Nf6 28. h5 Nd7 29. hxg6 fxg6 30. Rh1 Ne5 31. Rh6 Rf8 32. Rdh1 Kf7 33. Rh8 Rxh8 34. Rxh8 Kg7 35. Rh1 Rb8 36. Qf4 Nf7 37. Qh2 Rh8 38. Qg2 Rxh1+ 39. Qxh1 Qc5 40. Qc1 Ne5 41. g5 Kg8 42. Qd2 Qg1+ 43. Qc1 Qd4 44. Qxa3 Nd3 45. b4 Qg1+ 46. Kc2 Qf2+ 47. Kc3 Qe1+ 48. Kd4 Qe5+ 49. Kxd3 Qg3+ 50. Kd4 Qxa3 51. Bb1 Qxb4 52. Bd3 Qb2+ 53. Ke4 Qe5+ 54. Kf3 Kg7 55. b6 Qd4 56. b7 Qxd3+ 57. Kf4 Qf5+ 58. Ke3 Qf8 59. c5 dxc5 60. Ke4 Qb8 0-1


[Site "https://www.chess.com"]

[Event "Titled Tuesday Blitz March 28 Late 2023"]
[White "Mihajlov, Sebastian"]
[Black "Bochnicka, Vladimir"]
[WhiteFideId "1512110"]
[BlackFideId "14943450"]
[WhiteElo "2464"]
[BlackElo "2094"]
[Result "1-0"]
[Round "06"]
[TimeControl "180+2"]
[Date "2023.03.28"]
[WhiteClock "0:00:13"]
[BlackClock "0:00:04"]

1. d4 Nf6 2. Nf3 g6 3. c4 Bg7 4. Nc3 O-O 5. e4 d6 6. Be2 e5 7. O-O Nc6 8. d5 Ne7 9. Ne1 Nd7 10. Be3 f5 11. f3 f4 12. Bf2 g5 13. Rc1 Ng6 14. Nd3 Nf6 15. c5 h5 16. cxd6 cxd6 17. Nb5 Ne8 18. Nxa7 Bd7 19. Qb3 g4 20. Qxb7 Rb8 21. Nc6 Bxc6 22. Qxc6 Qg5 23. Qd7 Rf7 24. Qa4 g3 25. Be1 Qh4 26. h3 Nf6 27. Bb4 Nh7 28. Rfd1 Ng5 29. Bf1 Rd8 30. Qa5 Kh7 31. Qxd8 Nxf3+ 32. gxf3 Qxd8 33. Rc6 Rd7 34. a4 Nh4 35. Ne1 Bf6 36. a5 g2 37. Bxg2 Rg7 38. a6 Qg8 39. Rd2 Bd8 40. Kf1 Nxg2 41. Rxg2 Rxg2 42. Nxg2 Qg3 43. Rc3 Qxh3 44. a7 Bb6 45. a8=Q Qh1+ 46. Ke2 Qxg2+ 47. Kd3 Qxf3+ 48. Kc4 Qe2+ 49. Kb3 Qd1+ 50. Rc2 Qd3+ 51. Bc3 Qb5+ 52. Ka2 Qc4+ 53. Kb1 Qf1+ 54. Rc1 Qd3+ 55. Ka1 Qxe4 56. Qb7+ Kh6 57. Qxb6 Qxd5 58. Bb4 e4 59. Qxd6+ Qxd6 60. Bxd6 Kg5 61. Rg1+ Kf5 62. Kb1 h4 63. Kc2 h3 64. Kd2 e3+ 65. Ke2 Ke4 66. Rg4 h2 67. Rxf4+ Kd5 68. Rh4 1-0


[Site "https://www.chess.com"]

[Event "Titled Tuesday Blitz March 28 Late 2023"]
[White "krucki03"]
[Black "Kavutskiy, Konstantin"]
[BlackFideId "2026384"]
[WhiteElo "2368"]
[BlackElo "2369"]
[Result "1/2-1/2"]
[Round "06"]
[TimeControl "180+2"]
[Date "2023.03.28"]
[WhiteClock "0:00:39"]
[BlackClock "0:00:37"]

1. e4 Nc6 2. Nf3 d6 3. d4 Nf6 4. Nc3 g6 5. Bg5 Bg7 6. Qd2 h6 7. Bf4 g5 8. Be3 Ng4 9. O-O-O a6 10. Kb1 Bd7 11. h4 Nxe3 12. fxe3 g4 13. Ng1 h5 14. Nge2 e5 15. d5 Ne7 16. Ng3 f5 17. exf5 Nxf5 18. Nxf5 Bxf5 19. e4 Bg6 20. Bd3 O-O 21. Ne2 Kh7 22. Ng3 Bh6 23. Qe2 Rf4 24. Nf5 Bxf5 25. exf5 e4 26. Bxe4 Qe8 27. Bd3 Qxe2 28. Bxe2 Bg7 29. Bd3 Bf6 30. Rhf1 Rxf1 31. Rxf1 Re8 32. Kc1 Kg7 33. Kd1 Re5 34. c4 Re8 35. b3 b6 36. Re1 Rh8 37. g3 a5 38. a4 Be5 39. Re3 Kf6 40. Ke2 Rf8 41. Kf1 Rd8 42. Kg2 Rh8 43. Re1 Rb8 44. Re3 Ra8 45. Re1 Rf8 46. Re3 Kg7 47. Re1 Bf6 48. Re6 Rc8 49. Kf2 Kf7 50. Kg2 Kg7 51. Kf2 Kf7 52. Kg2 Kg7 1/2-1/2


[Site "https://www.chess.com"]

[Event "Titled Tuesday Blitz March 28 Late 2023"]
[White "Castella Garcia, Fausto"]
[Black "Sourath Biswas"]
[WhiteFideId "3501922"]
[BlackFideId "35091484"]
[WhiteElo "2245"]
[BlackElo "2164"]
[Result "1-0"]
[Round "06"]
[TimeControl "180+2"]
[Date "2023.03.28"]
[WhiteClock "0:00:10"]
[BlackClock "0:00:03"]

1. e4 c6 2. Nc3 d5 3. Nf3 Bg4 4. h3 Bxf3 5. Qxf3 e6 6. d4 Nf6 7. Bd3 dxe4 8. Nxe4 Qxd4 9. c3 Qd5 10. O-O Nbd7 11. Bf4 Ne5 12. Bxe5 Qxe5 13. Rfe1 Nxe4 14. Bxe4 Qc7 15. a4 Be7 16. a5 a6 17. Ra4 O-O 18. Bc2 Rad8 19. Rae4 Qxa5 20. Re5 Rd5 21. Rxd5 Qxd5 22. Be4 Qb3 23. Re2 g6 24. g3 Qd1+ 25. Kg2 Rd8 26. Bc2 Qd5 27. Be4 Qb5 28. h4 Bf8 29. g4 f5 30. Bb1 Qd5 31. Qxd5 exd5 32. gxf5 gxf5 33. Bxf5 Bc5 34. f4 Rf8 35. Be6+ Kg7 36. f5 Kf6 37. Kf3 a5 38. Rg2 a4 39. h5 Ra8 40. h6 a3 41. bxa3 Rxa3 42. Rg7 Rxc3+ 43. Ke2 Re3+ 44. Kf1 Rh3 45. Rxh7 Be3 46. Rf7+ Ke5 47. h7 b5 48. Bd7 b4 49. Re7+ Kd6 50. Rxe3 Rxh7 51. Be6 d4 52. Rg3 c5 53. Ke2 Ke5 54. Kd3 Rb7 55. Kc4 b3 56. Rxb3 Rc7 57. Rh3 Kf6 58. Kd5 c4 59. Kxd4 Kg5 60. Rg3+ Kf4 61. Rc3 Kg5 62. Rxc4 Ra7 1-0


[Site "https://www.chess.com"]

[Event "Titled Tuesday Blitz March 28 Late 2023"]
[White "Sochacki, Christophe"]
[Black "Onslow, Alfie"]
[WhiteFideId "662569"]
[BlackFideId "436976"]
[WhiteElo "2474"]
[BlackElo "2114"]
[Result "1-0"]
[Round "06"]
[TimeControl "180+2"]
[Date "2023.03.28"]
[WhiteClock "0:00:26"]
[BlackClock "0:00:01"]

1. e4 g6 2. d4 Bg7 3. Nc3 c6 4. h3 d5 5. e5 h5 6. f4 Nh6 7. Be3 h4 8. Nf3 Nf5 9. Bf2 e6 10. Bd3 b6 11. Qe2 a5 12. Nd1 Ba6 13. Ne3 Bf8 14. O-O-O Bxd3 15. Rxd3 Na6 16. Nxf5 gxf5 17. Rc3 Qd7 18. Bxh4 c5 19. Bf6 Rg8 20. Rd1 c4 21. Ng5 b5 22. Qh5 Nb4 23. Kb1 a4 24. g4 fxg4 25. hxg4 a3 26. b3 Rc8 27. f5 Rxg5 28. Qxg5 cxb3 29. Rxb3 Nxc2 30. fxe6 Qxe6 31. Qf5 b4 32. Qxe6+ fxe6 33. Rc1 Rc4 34. Rxc2 Rxd4 35. g5 Rd1+ 36. Rc1 Rd2 37. g6 Bh6 38. g7 Kf7 39. Rc7+ 1-0


[Site "https://www.chess.com"]

[Event "Titled Tuesday Blitz March 28 Late 2023"]
[White "Rose, Felix"]
[Black "Lewicki, Miroslaw"]
[WhiteFideId "5105722"]
[BlackFideId "1113380"]
[WhiteElo "2039"]
[BlackElo "2212"]
[Result "1-0"]
[Round "06"]
[TimeControl "180+2"]
[Date "2023.03.28"]
[WhiteClock "0:00:25"]
[BlackClock "0:00:49"]

1. e4 c5 2. Nf3 d6 3. d4 cxd4 4. Nxd4 Nf6 5. Nc3 a6 6. Be3 Qc7 7. f3 b5 8. Qd2 Bb7 9. O-O-O Nbd7 10. Kb1 e5 11. Nf5 b4 12. Nd5 Nxd5 13. exd5 g6 14. Ng3 f5 15. f4 Bg7 16. h4 O-O 17. h5 Nc5 18. hxg6 hxg6 19. fxe5 Na4 20. Bh6 Bxe5 21. Bxf8 Nxb2 22. Re1 Rxf8 23. Rxe5 Na4 24. Qh6 Nc3+ 25. Ka1 dxe5 26. Qh8+ Kf7 27. Qh7+ Ke8 28. Qxc7 1-0


[Site "https://www.chess.com"]

[Event "Titled Tuesday Blitz March 28 Late 2023"]
[White "Bogaudinov, Rushan"]
[Black "Nazari, Arad"]
[WhiteFideId "4129288"]
[BlackFideId "12577324"]
[WhiteElo "1949"]
[BlackElo "2313"]
[Result "0-1"]
[Round "06"]
[TimeControl "180+2"]
[Date "2023.03.28"]
[WhiteClock "0:00:02"]
[BlackClock "0:00:10"]

1. e4 c5 2. Nf3 d6 3. g3 Nf6 4. Nc3 g6 5. Bg2 Bg7 6. O-O O-O 7. d3 Nc6 8. Bg5 Rb8 9. a4 a6 10. Qd2 b5 11. axb5 axb5 12. Bh6 b4 13. Ne2 Ng4 14. Bxg7 Kxg7 15. h3 Nge5 16. Nxe5 Nxe5 17. f4 Nc6 18. f5 Ne5 19. g4 h6 20. Nf4 Bd7 21. b3 Ra8 22. Nd5 Rxa1 23. Rxa1 Bc6 24. Nf4 Qd7 25. d4 cxd4 26. Qxd4 Rb8 27. fxg6 fxg6 28. Nd3 Qc7 29. Ra7 Rb7 30. Nxe5 dxe5 31. Rxb7 Bxb7 32. Qxb4 Kf6 33. Qd2 Kg7 34. c4 Qb6+ 35. Qf2 Qxb3 36. Qc5 Kf6 37. Kh2 Qb2 38. Qe3 Kg7 39. Qc5 Kf6 40. Qe3 g5 41. Qf3+ Kg7 42. Qf5 Qd4 43. Qe6 Qd6 44. Qxd6 exd6 45. Kg3 Kf6 46. Kf3 Ke7 47. Ke3 Kd8 48. Kd3 Kc7 49. Kc3 Kb6 50. Kb4 Ba6 51. Bf3 Kc6 52. Be2 Bc8 53. Bf3 Be6 54. Be2 Kb6 55. Bf3 Bf7 56. Be2 Be6 57. Bf3 Bc8 58. Be2 Kc7 59. Bf3 Kd8 60. Be2 Ke7 61. Bf3 h5 62. Be2 Be6 63. Bf3 Kf6 64. Be2 hxg4 65. hxg4 Ke7 66. Bf3 Kd7 67. Be2 Kc6 68. Bf3 Kb6 69. Be2 Bd7 70. Bf3 Bc6 71. Bg2 Bb7 72. Bf3 Kc7 73. Kb5 Bc6+ 74. Kb4 Kb6 75. Bg2 Be8 76. Bf3 Bf7 77. Be2 Bg6 78. Bf3 Bh7 79. Bg2 Kc6 80. Bf3 Bg8 81. Bg2 Bf7 82. Bf3 Kc7 83. c5 Kc6 84. cxd6 Kxd6 85. Kc3 Kc5 86. Kd3 Bc4+ 87. Ke3 Bf1 88. Bd1 Kb4 89. Kf2 Bb5 90. Ke3 Kc3 91. Bf3 Bc4 92. Bd1 Kb2 93. Bf3 Kc1 94. Bg2 Bb3 95. Bf3 Bc2 96. Be2 Kb2 97. Bc4 Bd1 98. Be6 Kc3 99. Bd7 Bb3 100. Bf5 Kc2 101. Ke2 Bc4+ 102. Ke3 Kd1 103. Bd7 Ke1 104. Bf5 Kf1 105. Kf3 Bb3 106. Bd7 Bd1+ 107. Ke3 Kg2 108. Kd2 Bf3 109. Kd3 Kg3 0-1


[Site "https://www.chess.com"]

[Event "Titled Tuesday Blitz March 28 Late 2023"]
[White "Romkachess"]
[Black "Gokerkan, Cem Kaan"]
[BlackFideId "6336760"]
[WhiteElo "2520"]
[BlackElo "2365"]
[Result "0-1"]
[Round "06"]
[TimeControl "180+2"]
[Date "2023.03.28"]
[WhiteClock "0:00:04"]
[BlackClock "0:00:48"]

1. e4 e5 2. d4 exd4 3. Qxd4 Nc6 4. Qe3 Nf6 5. Nc3 Bb4 6. Bd2 O-O 7. O-O-O Re8 8. Qg3 d5 9. exd5 Nd4 10. Bc4 b5 11. Bb3 a5 12. a3 Bd6 13. Qd3 Nxb3+ 14. cxb3 b4 15. axb4 axb4 16. Na4 Ba6 17. Qd4 Be5 18. Qh4 Qxd5 19. Nf3 Qxb3 20. Qxb4 Qa2 21. Nxe5 Rxe5 22. Bc3 Re4 23. Qc5 Qa1+ 24. Kc2 Qxa4+ 25. Kc1 Re2 0-1


[Site "https://www.chess.com"]

[Event "Titled Tuesday Blitz March 28 Late 2023"]
[White "Bitoon, Richard"]
[Black "Pires, Marcos Vinicius Torsani"]
[WhiteFideId "5201110"]
[BlackFideId "2118939"]
[WhiteElo "2374"]
[BlackElo "2273"]
[Result "0-1"]
[Round "06"]
[TimeControl "180+2"]
[Date "2023.03.28"]
[WhiteClock "0:00:02"]
[BlackClock "0:00:01"]

1. e4 c5 2. c3 e5 3. Nf3 Nc6 4. Bc4 Be7 5. b4 cxb4 6. d4 exd4 7. cxd4 Na5 8. Bd3 Nf6 9. e5 Nd5 10. Be4 Nb6 11. a3 O-O 12. axb4 Bxb4+ 13. Bd2 Bxd2+ 14. Nbxd2 Nac4 15. Nxc4 Nxc4 16. Qc2 d5 17. Bxh7+ Kh8 18. Bd3 b5 19. h4 Bg4 20. Ng5 f6 21. f3 Bh5 22. Bxc4 fxg5 23. hxg5 Qxg5 24. g4 Qe3+ 25. Be2 Rxf3 26. Rxh5+ Kg8 27. Qh7+ Kf7 28. Rf5+ Rxf5 29. Qxf5+ Kg8 30. Qe6+ Kh8 31. Qc6 Rf8 32. Rxa7 Qg1+ 33. Kd2 Qxd4+ 34. Kc2 Qe4+ 35. Kb3 Qxe5 36. Bd3 Qe3 37. Qc3 Qxa7 0-1


[Site "https://www.chess.com"]

[Event "Titled Tuesday Blitz March 28 Late 2023"]
[White "Ismagilov, Damir"]
[Black "Urbina Perez, Juan Antonio"]
[WhiteFideId "34199982"]
[BlackFideId "2217368"]
[WhiteElo "2078"]
[BlackElo "2197"]
[Result "1/2-1/2"]
[Round "06"]
[TimeControl "180+2"]
[Date "2023.03.28"]
[WhiteClock "0:00:20"]
[BlackClock "0:00:10"]

1. d4 d5 2. Bf4 c5 3. e3 Nc6 4. c3 cxd4 5. exd4 Nf6 6. Nd2 Bf5 7. Ngf3 h6 8. h3 e6 9. Bb5 a6 10. Bxc6+ bxc6 11. Ne5 Qb6 12. b4 Be7 13. Qa4 Rc8 14. O-O O-O 15. Nb3 Rfd8 16. Na5 Qb5 17. Qxb5 cxb5 18. Nac6 Re8 19. a4 Bd6 20. Rfc1 Ne4 21. f3 Bxe5 22. Bxe5 Nd2 23. Na5 Nc4 24. Nxc4 Rxc4 25. axb5 axb5 26. Ra5 Bd3 27. Bf4 Rec8 28. Bd2 R4c6 29. Rca1 Bc4 30. Ra7 R6c7 31. Kf2 Kh7 32. Bf4 Rxa7 33. Rxa7 Kg6 34. g4 Bd3 35. Bd2 f6 36. h4 Kh7 37. Re7 Rc6 38. Ra7 Rc8 39. Be1 Kg6 40. Ke3 Bf1 41. Kd2 Kh7 42. Bg3 Kg6 43. Bd6 Rc6 44. Bc5 f5 45. Bf8 fxg4 46. fxg4 Kf6 47. Bxg7+ Kg6 48. Bf8 Bh3 49. Rg7+ Kf6 50. Rh7 Kg6 51. Rxh6+ Kf7 52. Bc5 Bxg4 53. Rh7+ Kg6 54. Rb7 Kh5 55. Rxb5 Kxh4 56. Rb8 Bf5 57. b5 Rc7 58. b6 Rd7 59. Rc8 Rb7 60. Rc7 Rxc7 61. bxc7 e5 62. dxe5 Bc8 63. Ke3 Kg4 64. Kd4 Be6 65. c8=Q Bxc8 66. Kxd5 Kf5 67. Kd6 Be6 68. Bd4 Bc4 69. Kc5 Bb3 70. Kb5 Ke6 71. c4 Ba2 72. c5 Bb1 73. c6 Bd3+ 74. Kb6 Be4 75. Kc7 Bd5 76. Bc3 Be4 77. Kb6 Bd5 78. Bb2 Be4 79. Ba1 Bd5 80. Bc3 Be4 81. c7 Kd7 82. e6+ Kc8 83. Be5 Bf5 84. e7 Bd7 85. Kc5 Be8 86. Kd6 Bf7 87. Bf4 Be8 88. Ke5 Kd7 89. Kf6 Kc8 90. Kg7 Kd7 91. Kf8 Bg6 92. Be5 Bh5 93. Bd6 Bg6 94. Bc5 Bh5 95. Bb6 Bg6 96. Kg7 Bh5 97. Kf6 Be8 98. Bc5 Kc8 99. Bd6 Kd7 100. Ke5 Kc8 101. Kd5 Kd7 102. Kc5 Kc8 103. Kb6 Bf7 104. Bc5 Be8 105. Bb4 Bf7 106. Kc5 Be8 107. Kd6 Bf7 108. Ba5 Be8 109. Ke6 Bh5 110. Kf6 Be8 111. Kg5 Kd7 112. Kh6 Kc8 113. Kg7 Kd7 114. Kf8 Bh5 115. Kg8 Bg6 116. Kg7 Bh5 117. Kh6 Be8 118. Kg5 Kc8 119. Kf6 Kd7 120. Kg7 Bh5 121. Bb6 Be8 122. Kf8 Bh5 123. Ba5 Bg6 124. Kg7 Bh5 1/2-1/2


[Site "https://www.chess.com"]

[Event "Titled Tuesday Blitz March 28 Late 2023"]
[White "Melikyan, Gnel"]
[Black "Gonzalez, Francisco Silva"]
[WhiteFideId "54109990"]
[BlackFideId "1512285"]
[WhiteElo "2138"]
[BlackElo "2074"]
[Result "1-0"]
[Round "06"]
[TimeControl "180+2"]
[Date "2023.03.28"]
[WhiteClock "0:01:38"]
[BlackClock "0:00:56"]

1. Na3 e5 2. Nc4 e4 3. d3 d5 4. Ne3 exd3 5. Qxd3 Nf6 6. c4 d4 7. Nc2 c5 8. e3 Nc6 9. exd4 cxd4 10. Nf3 Nb4 11. Nxb4 Bxb4+ 12. Bd2 Bxd2+ 13. Qxd2 O-O 14. Be2 Re8 15. O-O Qb6 16. Rfe1 Bg4 17. Qxd4 Rxe2 18. Rxe2 Qxd4 19. Nxd4 Bxe2 20. Nxe2 Rd8 21. Nc3 g6 22. Rd1 Rc8 23. b3 Kg7 24. f3 a6 25. a4 h5 26. Kf2 Rc6 27. Rd8 h4 28. Ne2 b5 29. axb5 axb5 30. Nd4 Ra6 31. cxb5 Ra2+ 32. Ke3 Rxg2 33. b6 Rxh2 34. b7 h3 35. b8=Q Rh1 36. Rh8 Nh5 37. Qe5+ Nf6 38. Rh4 Re1+ 39. Ne2 h2 40. Rxh2 Rh1 41. Rxh1 1-0


[Site "https://www.chess.com"]

[Event "Titled Tuesday Blitz March 28 Late 2023"]
[White "Rytenko, Vsevolod"]
[Black "Rottenwohrer Suarez, Juan"]
[WhiteFideId "14133040"]
[BlackFideId "32068182"]
[WhiteElo "2262"]
[BlackElo "2174"]
[Result "1-0"]
[Round "06"]
[TimeControl "180+2"]
[Date "2023.03.28"]
[WhiteClock "0:01:13"]
[BlackClock "0:00:08"]

1. e4 c5 2. Nf3 Nc6 3. c3 Nf6 4. e5 Nd5 5. d4 cxd4 6. cxd4 d6 7. Be2 Bg4 8. exd6 Qxd6 9. O-O e6 10. Nc3 Be7 11. h3 Bh5 12. Ne4 Qd8 13. Ng3 Bxf3 14. Bxf3 O-O 15. Be3 Nxe3 16. fxe3 Bg5 17. Qe2 Qb6 18. Ne4 Bh6 19. Kh1 Rfd8 20. Bh5 g6 21. Nf6+ Kg7 22. Nxh7 Kxh7 23. Rxf7+ Bg7 24. Raf1 Rf8 25. Bxg6+ Kg8 26. Qh5 Rxf7 27. Qh7+ 1-0


[Site "https://www.chess.com"]

[Event "Titled Tuesday Blitz March 28 Late 2023"]
[White "Gatterer, Florian"]
[Black "Spata, German"]
[WhiteFideId "811688"]
[BlackFideId "113026"]
[WhiteElo "2221"]
[BlackElo "2238"]
[Result "1-0"]
[Round "06"]
[TimeControl "180+2"]
[Date "2023.03.28"]
[WhiteClock "0:00:24"]
[BlackClock "0:00:07"]

1. d4 d5 2. Nf3 c6 3. g3 Nf6 4. Bg2 Bf5 5. c4 h6 6. Nc3 e6 7. Qb3 Qb6 8. c5 Qa6 9. Bf1 Ne4 10. e3 b5 11. Be2 Qb7 12. a4 a6 13. axb5 axb5 14. Rxa8 Qxa8 15. O-O Nd7 16. Nxb5 cxb5 17. Bxb5 Be7 18. Ne5 Nf6 19. Bd2 O-O 20. Nxd7 Nxd7 21. Bxd7 Rb8 22. Qc3 Qa7 23. c6 Bd8 24. b3 Bc7 25. Ra1 Qb6 26. b4 Bd6 27. Kg2 Be4+ 28. f3 Bg6 29. h4 Bxb4 30. Qxb4 Qxb4 31. Bxb4 Rxb4 32. c7 1-0


[Site "https://www.chess.com"]

[Event "Titled Tuesday Blitz March 28 Late 2023"]
[White "Poliakova, Varvara"]
[Black "Villiers, Thomas"]
[WhiteFideId "13518313"]
[BlackFideId "427209"]
[WhiteElo "2075"]
[BlackElo "2164"]
[Result "0-1"]
[Round "06"]
[TimeControl "180+2"]
[Date "2023.03.28"]
[WhiteClock "0:00:04"]
[BlackClock "0:00:31"]

1. e4 c5 2. Nf3 e6 3. d4 cxd4 4. Nxd4 Nc6 5. Nc3 a6 6. Qd3 Qc7 7. Nxc6 bxc6 8. Qg3 Qxg3 9. hxg3 d5 10. Bd3 Nf6 11. f3 Bd6 12. g4 Bb7 13. g5 Nd7 14. exd5 cxd5 15. Bd2 Ne5 16. Be2 Ke7 17. O-O-O Nc4 18. Bxc4 dxc4 19. Rh4 Rac8 20. Rdh1 g6 21. Rxh7 Rxh7 22. Rxh7 Be5 23. Ne4 Bxe4 24. fxe4 c3 25. bxc3 Bxc3 26. Rh3 Bxd2+ 27. Kxd2 Rc5 28. Ra3 Rxg5 29. Rxa6 Rxg2+ 30. Kd3 Kf6 31. Ra7 g5 32. a4 Rg3+ 33. Kd4 Ra3 34. e5+ Kg6 35. c4 g4 36. Ra8 g3 37. Rg8+ Kf5 38. a5 Kf4 39. Rg7 Rxa5 40. Rxf7+ Kg4 41. Rg7+ Kf3 42. c5 Ra4+ 43. Kd3 g2 44. c6 Ra1 45. c7 Rc1 46. Rf7+ Kg3 47. Rg7+ Kf2 48. Rf7+ Ke1 49. Rg7 Kf1 50. Rf7+ Kg1 51. Ke2 Kh2 52. Rh7+ Kg3 53. Rg7+ Kf4 54. Rxg2 Rxc7 55. Rh2 Rc2+ 0-1


[Site "https://www.chess.com"]

[Event "Titled Tuesday Blitz March 28 Late 2023"]
[White "ArtemDyachuk"]
[Black "Drori, Saar"]
[BlackFideId "2812444"]
[WhiteElo "2394"]
[BlackElo "2322"]
[Result "0-1"]
[Round "06"]
[TimeControl "180+2"]
[Date "2023.03.28"]
[WhiteClock "0:00:01"]
[BlackClock "0:00:17"]

1. Nf3 c5 2. c4 g6 3. g3 Bg7 4. Bg2 Nc6 5. O-O e6 6. e4 Nge7 7. Nc3 O-O 8. Ne1 b6 9. Nc2 Bb7 10. b3 Nb4 11. Ne1 d5 12. exd5 exd5 13. a3 Na6 14. Nc2 Qd7 15. Bb2 d4 16. Ne4 f5 17. Ng5 Bxg2 18. Kxg2 h6 19. Nf3 d3 20. Bxg7 dxc2 21. Qxc2 Kxg7 22. Qb2+ Kh7 23. Rfe1 Nc6 24. Re3 Rae8 25. Rae1 Nc7 26. Qc3 Nd4 27. Rxe8 Rxe8 28. Rxe8 Nxe8 29. Nxd4 Qxd4 30. Qc1 Nf6 31. f3 Nd7 32. Qe1 Qe5 33. Qd1 Nf8 34. d3 Ne6 35. b4 Nd4 36. Qa4 h5 37. Kh3 Nxf3 38. Qxa7+ Kh6 39. Qxb6 Ng5+ 40. Kh4 Qd4+ 0-1


[Site "https://www.chess.com"]

[Event "Titled Tuesday Blitz March 28 Late 2023"]
[White "Jocev, Milan"]
[Black "Ansh M Shah"]
[WhiteFideId "900680"]
[BlackFideId "25033379"]
[WhiteElo "2323"]
[BlackElo "2084"]
[Result "1-0"]
[Round "06"]
[TimeControl "180+2"]
[Date "2023.03.28"]
[WhiteClock "0:01:18"]
[BlackClock "0:01:26"]

1. e4 c6 2. Nc3 d5 3. Nf3 Bg4 4. h3 Bxf3 5. Qxf3 e6 6. d3 Nd7 7. Bd2 Qb6 8. O-O-O d4 9. Ne2 a5 10. c3 dxc3 11. Bxc3 a4 12. d4 a3 13. b3 Bb4 14. Bxb4 Qxb4 15. Qc3 Qb6 16. Ng3 Ne7 17. h4 c5 18. d5 exd5 19. exd5 Nxd5 20. Rxd5 O-O-O 21. Be2 Kb8 22. Rhd1 Nf6 23. Rxd8+ Rxd8 24. Rxd8+ Qxd8 25. Qxc5 Nd5 26. Bf3 Nf4 27. Qe5+ Ka8 28. Qxf4 Qc8+ 29. Qc4 Qd8 30. Qa6+ 1-0


[Site "https://www.chess.com"]

[Event "Titled Tuesday Blitz March 28 Late 2023"]
[White "Klenburg, Michael"]
[Black "Fan_Of_Chucky"]
[WhiteFideId "14102072"]
[WhiteElo "2396"]
[BlackElo "2378"]
[Result "0-1"]
[Round "06"]
[TimeControl "180+2"]
[Date "2023.03.28"]
[WhiteClock "0:00:17"]
[BlackClock "0:00:08"]

1. g3 c5 2. Bg2 g6 3. e4 Bg7 4. d3 Nc6 5. f4 d6 6. Nf3 e6 7. O-O Nge7 8. c3 O-O 9. Be3 b6 10. Bf2 Bb7 11. Re1 Qc7 12. a4 a6 13. Na3 Rfd8 14. Rc1 Na7 15. Qb3 Rab8 16. d4 b5 17. axb5 Nxb5 18. Nc4 Bxe4 19. Rxe4 d5 20. Ree1 Nxd4 21. Qa4 Nxf3+ 22. Bxf3 dxc4 23. Qxc4 Rxb2 24. Qxc5 Qxc5 25. Bxc5 Nd5 26. c4 Nc3 27. Be3 Rc8 28. c5 a5 29. c6 a4 30. Ra1 Rc2 31. Ra3 Bf8 32. Raa1 a3 33. Rec1 Rxc1+ 34. Rxc1 Bg7 35. Bb6 a2 36. c7 Nd5 37. Bxd5 exd5 38. Kf1 a1=Q 39. Rxa1 Bxa1 40. Ke2 Bf6 41. Kd3 Be7 42. Kd4 Bd6 43. Kxd5 Bxc7 44. Bd4 Rd8+ 0-1


[Site "https://www.chess.com"]

[Event "Titled Tuesday Blitz March 28 Late 2023"]
[White "Mendez Fortes, Eduardo Jesus"]
[Black "Itkis, Boris"]
[WhiteFideId "3502376"]
[BlackFideId "1209167"]
[WhiteElo "2307"]
[BlackElo "2216"]
[Result "0-1"]
[Round "06"]
[TimeControl "180+2"]
[Date "2023.03.28"]
[WhiteClock "0:00:40"]
[BlackClock "0:00:19"]

1. e4 e6 2. d4 d5 3. Nd2 c5 4. exd5 Qxd5 5. Ngf3 Nf6 6. Bc4 Qd6 7. O-O cxd4 8. Nb3 Nc6 9. Nbxd4 Nxd4 10. Nxd4 Be7 11. Re1 Qc7 12. Qe2 O-O 13. c3 a6 14. Bg5 b5 15. Bb3 h6 16. Bh4 Rd8 17. Rad1 Nd5 18. Bg3 Bd6 19. Bxd5 exd5 20. Bxd6 Qxd6 21. Qe7 Be6 22. Qxd6 Rxd6 23. f4 Kf8 24. Re2 Re8 25. Rde1 Bd7 26. Rxe8+ Bxe8 27. Re5 Bd7 28. Kf2 f6 29. Re3 Kf7 30. Ke1 g6 31. Kd2 Bf5 32. Nxf5 gxf5 33. Kd3 Re6 34. Rh3 Kg6 35. Rg3+ Kf7 36. Rf3 Re4 37. g3 h5 38. Rf2 Ke6 39. b3 Kd6 40. a3 a5 41. Rf1 Kc6 42. Ra1 Kc5 43. b4+ Kb6 44. Rb1 a4 45. Rc1 Kc6 46. Rg1 Kd6 47. h3 Ke6 48. Rg2 Kf7 49. Rf2 Kg6 50. Rf3 Kh6 51. Kd2 h4 52. g4 fxg4 53. hxg4 f5 54. gxf5 Kg7 55. Rd3 Rxf4 56. Rxd5 h3 57. f6+ Kg6 58. Ke3 h2 59. Rd1 Rh4 60. Rh1 Kxf6 61. Kf3 Ke5 62. Kg2 Kd5 63. Rd1+ Kc4 64. Kh1 Rh5 65. Re1 Kxc3 66. Re3+ Kc4 67. Rg3 Kd4 68. Rf3 Kc4 69. Rg3 Rh4 70. Rf3 Rd4 71. Rg3 Rd3 72. Rg4+ Kb3 73. Rg5 Kxa3 74. Rxb5 Rb3 75. Kxh2 Rxb4 76. Ra5 Rg4 77. Kh3 Rg7 78. Rb5 Ka2 79. Kh2 a3 0-1


[Site "https://www.chess.com"]